 Dungeon Crawl Stone Soup version 0.28-a0-479-g5baa6b73be (webtiles) character file.

Game seed: 250286583566127682

41 tatocazan the Skirmisher (level 3, -6/29 HPs)
             Began as a Demonspawn Fighter on Sept 17, 2021.
             Killed by nerve-wracking pain
             ... invoked by Jessica
              (11 damage)
             ... on level 2 of the Dungeon.
             The game lasted 00:01:06 (1318 turns).

tatocazan the Skirmisher (Demonspawn Fighter)       Turns: 1318, Time: 00:01:06

Health: -6/29      AC:  7    Str: 17    XL:     3   Next: 32%
Magic:  3/3        EV:  9    Int:  9    God:
Gold:   29         SH:  4    Dex: 12    Spells: 2/2 levels left

rFire   . . .      SeeInvis .   a - +0 war axe
rCold   . . .      Faith    .   c - +0 buckler
rNeg    . . .      Spirit   .   b - +0 scale mail
rPois   .          Reflect  .   (no helmet)
rElec   .          Harm     .   (no cloak)
rCorr   .          Rampage  .   (no gloves)
Will    .....                   (no boots)
Stlth   ..........              (no amulet)
HPRegen 0.09/turn               (no ring)
MPRegen 0.08/turn               (no ring)

@: no status effects
A: spiny 1, sharp scales 1
a: no special abilities


You were on level 2 of the Dungeon.
You visited 1 branch of the dungeon, and saw 2 of its levels.

You collected 29 gold pieces.

Inventory:

Hand Weapons
 a - a +0 war axe (weapon)
Armour
 b - a +0 scale mail (worn)
 c - a +0 buckler (worn)
 h - a +0 pair of boots
Scrolls
 e - 2 scrolls of magic mapping {unknown}
 f - a scroll of immolation {unknown}
 i - a scroll of identify {unknown}
 k - a scroll of amnesia {unknown}
 l - a scroll of enchant armour {unknown}
 m - a scroll of blinking {unknown}
 o - a scroll of enchant weapon {unknown}
Potions
 d - 2 potions of might
 g - a potion of invisibility {unknown}
 j - a potion of attraction {unknown}
 n - a potion of curing {unknown}


   Skills:
 + Level 3.4 Fighting
 + Level 2.2 Axes
 + Level 3.1 Armour
 + Level 3.0 Shields


You had 2 spell levels left.
You didn't know any spells.
Your spell library contained the following spells:

 Spells                   Type           Power      Damage    Failure   Level
 Dispersal                Tloc           0%         N/A       100%        6
 Disjunction              Tloc           0%         N/A       100%        8


Dungeon Overview and Level Annotations

Branches:
Dungeon (2/15)

Altars:

Annotations:
D:2 Jessica


Innate Abilities, Weirdness & Mutations

You are partially covered in sharp spines.
You are partially covered in razor-sharp scales. (AC +1, Slay +1)


Message History

No target in view!
You now have 23 gold pieces (gained 10).
o - a scroll labelled XEUQIK NOG QIE You now have 29 gold pieces (gained 6).
Jessica the Apprentice Sorceress comes into view.
She is wielding a +0 club.
Jessica shouts!
Jessica gestures at you while chanting. Pain shoots through your body!
You take 2 damage, and have 27/29 hp.
Jessica is nearby!
Jessica is nearby!
Jessica is nearby!
Jessica casts a spell at you. Pain shoots through your body!
You take 13 damage, and have 14/29 hp.
MASSIVE DAMAGE!!
You are too injured to fight recklessly!
You are too injured to fight recklessly!
You are too injured to fight recklessly!
You are too injured to fight recklessly!
Jessica hits you with a +0 club.
You take 3 damage, and have 11/29 hp.
You hit Jessica but do no damage. Jessica hits you with a +0 club.
You take 2 damage, and have 9/29 hp.
You closely miss Jessica. Jessica barely misses you.
You barely miss Jessica.
Jessica mumbles some strange words.
Jessica blinks!
Jessica mumbles some strange words.
Jessica seems to speed up.
You closely miss Jessica. Jessica is struck by your spines.
Jessica hits you with a +0 club.
* * * LOW HITPOINT WARNING * * *
Jessica barely misses you.
You take 5 damage, and have 4/29 hp.
You hit Jessica.
Jessica is moderately wounded.
Jessica closely misses you.
Jessica points at you and mumbles some strange words.
Pain shoots through your body!
You die...

......... ........
........ ...#### #.#
...# #.. # ...## #.#
#######.# ....#
#.#####.......# ....###
#....##.......# ......#
#......@@.....# ......#
#....##......##
##....####....##......#
#.........##.##......#
#....####.##.##......#
#....# ..##.##......#
###### .####.#########
#. #.# # #.#


You could see Jessica (fast).

Vanquished Creatures
  An adder (D:2)
  A dart slug (D:1)
  A bat (D:2)
  3 endoplasms
  A giant cockroach (D:2)
  2 goblins (D:1)
  4 hobgoblins
  6 kobolds
  2 quokkas (D:1)
  2 ball pythons (D:1)
  A frilled lizard (D:1)
  2 rats (D:1)
26 creatures vanquished.

Vanquished Creatures (others)
  A fungus (D:1)
  2 plants (D:1)
  A withered plant (D:1)
4 creatures vanquished.

Grand Total: 30 creatures vanquished

Notes
Turn   | Place    | Note
-------+----------+-------------------------------------------
     0 | D:1      | tatocazan the Demonspawn Fighter began the quest for the
                  | Orb.
     0 | D:1      | Reached XP level 1. HP: 18/18 MP: 1/1
   114 | D:1      | Gained mutation: You are partially covered in sharp spines.
                  | [demonic ancestry]
   114 | D:1      | Reached XP level 2. HP: 17/24 MP: 2/2
   456 | D:1      | Found a faded altar of an unknown god.
  1112 | D:2      | Gained mutation: You are partially covered in razor-sharp
                  | scales. (AC +1, Slay +1) [demonic ancestry]
  1112 | D:2      | Reached XP level 3. HP: 25/29 MP: 3/3
  1310 | D:2      | Noticed Jessica
  1318 | D:2      | Killed from afar by Jessica

Illustrated notes

Levels and vault maps discovered:
D:1:      eino_arrival_druids_welcome, layout_basic,
          shapermc_ecumenical_altar_gd, minivault_19,
          hangedman_abyss_or_decor_stabs, minmay_3d_cube
D:2:      layout_basic, uniq_jessica

Skill      XL: |  1  2 |
---------------+-------+-----
Axes           | 2 |  2.2
Shields        | 3 |  3.0
Armour         | 3 |  3.1
Fighting       | |  3.4

Action                   || total
-------------------------++-------
Melee: War axe           ||    58
Armor: Scale mail        ||    29
Dodge: Dodged            ||    21
Block: Buckler           ||     8

Table legend: (Time is in decaauts)
 A = Elapsed time spent in this place.
 B = Non-inter-level travel time spent in this place.
 C = Inter-level travel time spent in this place.
 D = Time resting spent in this place.
 E = Time spent auto-exploring this place.
 F = Levels seen in this place.
 G = Mean time per level.
                   A        B        C        D        E       F      G
               +--------+--------+--------+--------+--------+-----+--------+
         Total |   1341 |   1322 |     19 |     75 |   1081 |   2 |  670.5 |
       Dungeon |   1341 |   1322 |     19 |     75 |   1081 |   2 |  670.5 |
               +--------+--------+--------+--------+--------+-----+--------+

Top non-repeatable levels by time:
     D:1: 1121 daAuts
     D:2: 220 daAuts
